[Event "Live Chess"]
[Site "Chess.com"]
[Date "2011.02.01"]
[Round "-"]
[White "paleoliberal"]
[Black "hipposcottimus"]
[Result "0-1"]
[CurrentPosition "4r3/2pkqppp/2pp4/Q7/P7/7P/1PP5/1K5R w - -"]
[Timezone "UTC"]
[ECO "C22"]
[ECOUrl "https://www.chess.com/openings/Center-Game-Accepted-Normal-Variation"]
[UTCDate "2011.02.01"]
[UTCTime "03:12:57"]
[WhiteElo "1514"]
[BlackElo "1659"]
[TimeControl "60"]
[Termination "hipposcottimus won on time"]
[StartTime "03:12:57"]
[EndDate "2011.02.01"]
[EndTime "03:14:54"]
[Link "https://www.chess.com/game/live/93506942"]

1. e4 e5 2. d4 exd4 3. Qxd4 Nc6 4. Qd2 d6 5. Nc3 Nf6 6. Nf3 Bg4 7. h3 Bxf3 8. gxf3 Be7 9. Qe2 Qd7 10. Be3 O-O-O 11. O-O-O Ne5 12. f4 Ng6 13. e5 Nh5 14. f5 Nxe5 15. Nd5 Nf6 16. Bxa7 Nxd5 17. Rxd5 Qxf5 18. f4 Qxf4+ 19. Be3 Qf5 20. Ra5 Bg5 21. Bxg5 Qxg5+ 22. Kb1 Qe7 23. Qb5 Nc6 24. Ra8+ Kd7 25. Bg2 Rxa8 26. a4 Ra5 27. Bxc6+ bxc6 28. Qxa5 Re8 0-1

[Event "Live Chess"]
[Site "Chess.com"]
[Date "2011.02.01"]
[Round "-"]
[White "hipposcottimus"]
[Black "paleoliberal"]
[Result "1-0"]
[CurrentPosition "5Rk1/pp2Q1pp/8/3p4/4p1b1/8/P5PP/N5K1 b - -"]
[Timezone "UTC"]
[ECO "B02"]
[ECOUrl "https://www.chess.com/openings/Alekhines-Defense-Two-Pawns-Attack-3...Nb6"]
[UTCDate "2011.02.01"]
[UTCTime "03:11:01"]
[WhiteElo "1654"]
[BlackElo "1519"]
[TimeControl "60"]
[Termination "hipposcottimus won by checkmate"]
[StartTime "03:11:01"]
[EndDate "2011.02.01"]
[EndTime "03:12:44"]
[Link "https://www.chess.com/game/live/93506505"]

1. e4 Nf6 2. e5 Nd5 3. c4 Nb6 4. Nc3 c5 5. d3 e6 6. f4 Nc6 7. Nf3 Nd4 8. Nxd4 cxd4 9. Ne2 Bb4+ 10. Bd2 Bc5 11. Ba5 O-O 12. b4 Bd6 13. Nxd4 Qc7 14. c5 Bxc5 15. bxc5 Qxc5 16. Nb3 Nd5 17. Bd2 Nxf4 18. Qf3 Nxd3+ 19. Bxd3 Qxe5+ 20. Be3 Qxa1+ 21. Nxa1 d5 22. O-O f5 23. Bc5 e5 24. Bxf8 e4 25. Bxe4 fxe4 26. Qa3 Bg4 27. Qe7 Rxf8 28. Rxf8# 1-0

[Event "Live Chess"]
[Site "Chess.com"]
[Date "2011.02.01"]
[Round "-"]
[White "paleoliberal"]
[Black "hipposcottimus"]
[Result "0-1"]
[CurrentPosition "6k1/ppp1n1p1/3b3p/4N3/3P4/2P5/1r4KP/8 w - -"]
[Timezone "UTC"]
[ECO "A06"]
[ECOUrl "https://www.chess.com/openings/Reti-Opening-Tennison-Gambit"]
[UTCDate "2011.02.01"]
[UTCTime "03:09:15"]
[WhiteElo "1524"]
[BlackElo "1649"]
[TimeControl "60"]
[Termination "hipposcottimus won by resignation"]
[StartTime "03:09:15"]
[EndDate "2011.02.01"]
[EndTime "03:10:49"]
[Link "https://www.chess.com/game/live/93506059"]

1. e4 d5 2. Nf3 dxe4 3. Ng5 Nf6 4. f3 h6 5. Nxe4 Nxe4 6. fxe4 e5 7. d4 Bb4+ 8. c3 Bd6 9. Be3 Nc6 10. Be2 Be6 11. O-O O-O 12. Bh5 f5 13. exf5 Bxf5 14. Rxf5 Rxf5 15. Qd3 Rxh5 16. g4 Rg5 17. Bxg5 Qxg5 18. Nd2 Rf8 19. Kh1 Qxg4 20. Nf3 Qf4 21. Rf1 Ne7 22. Nxe5 Qxf1+ 23. Qxf1 Rxf1+ 24. Kg2 Ra1 25. Nd7 Rxa2 26. Ne5 Rxb2+ 0-1

[Event "Live Chess"]
[Site "Chess.com"]
[Date "2011.02.01"]
[Round "-"]
[White "hipposcottimus"]
[Black "paleoliberal"]
[Result "1-0"]
[CurrentPosition "3R2k1/pp2R2p/6p1/2p5/2n5/5r2/PP5P/1K6 b - -"]
[Timezone "UTC"]
[ECO "B02"]
[ECOUrl "https://www.chess.com/openings/Alekhines-Defense-Two-Pawns-Attack-3...Nb6"]
[UTCDate "2011.02.01"]
[UTCTime "03:06:56"]
[WhiteElo "1644"]
[BlackElo "1529"]
[TimeControl "60"]
[Termination "hipposcottimus won on time"]
[StartTime "03:06:56"]
[EndDate "2011.02.01"]
[EndTime "03:08:57"]
[Link "https://www.chess.com/game/live/93505605"]

1. e4 Nf6 2. e5 Nd5 3. c4 Nb6 4. d3 c5 5. Nc3 d6 6. Bf4 dxe5 7. Bxe5 f6 8. Bg3 e5 9. f4 Bd6 10. fxe5 fxe5 11. Qf3 N8d7 12. Nge2 Nf6 13. Nc1 O-O 14. Be2 Nh5 15. Qxh5 Be6 16. Bg4 Bxg4 17. Qxg4 e4 18. dxe4 Bxg3+ 19. Qxg3 Qf6 20. N1e2 Nxc4 21. e5 Nxe5 22. Ne4 Qe6 23. N2c3 Qc4 24. O-O-O Qxe4 25. Nxe4 Rae8 26. Nd6 Re6 27. Ne4 Nc4 28. Kb1 Rxe4 29. Qf3 Rxf3 30. gxf3 Rf4 31. Rhe1 Rxf3 32. Re7 g6 33. Rd8+ 1-0

[Event "Live Chess"]
[Site "Chess.com"]
[Date "2011.02.01"]
[Round "-"]
[White "paleoliberal"]
[Black "hipposcottimus"]
[Result "0-1"]
[CurrentPosition "2kr4/ppp3rR/8/2P5/5P2/5b2/PPn4P/7K w - -"]
[Timezone "UTC"]
[ECO "C57"]
[ECOUrl "https://www.chess.com/openings/Italian-Game-Knight-Attack-Normal-Variation"]
[UTCDate "2011.02.01"]
[UTCTime "03:04:52"]
[WhiteElo "1535"]
[BlackElo "1638"]
[TimeControl "60"]
[Termination "hipposcottimus won by checkmate"]
[StartTime "03:04:52"]
[EndDate "2011.02.01"]
[EndTime "03:06:46"]
[Link "https://www.chess.com/game/live/93505068"]

1. e4 e5 2. Nf3 Nc6 3. Bc4 Nf6 4. Ng5 d5 5. Bxd5 Nxd5 6. Nxf7 Kxf7 7. exd5 Qxd5 8. Qh5+ Ke7 9. Nc3 Qf7 10. Qh4+ Qf6 11. Nd5+ Ke6 12. Nxf6 gxf6 13. Qc4+ Ke7 14. O-O Be6 15. Qc5+ Kd7 16. d4 Bxc5 17. dxc5 Rad8 18. Be3 Kc8 19. Rfd1 f5 20. Re1 f4 21. f3 fxe3 22. Rxe3 Bd5 23. f4 exf4 24. Re5 Rhf8 25. Rh5 Nd4 26. Rxh7 Nxc2 27. Rf1 Rfe8 28. g3 Re2 29. gxf4 Rg2+ 30. Kh1 Rg7+ 31. Rf3 Bxf3# 0-1

[Event "Live Chess"]
[Site "Chess.com"]
[Date "2011.02.01"]
[Round "-"]
[White "hipposcottimus"]
[Black "paleoliberal"]
[Result "0-1"]
[CurrentPosition "8/ppN5/8/8/5R1R/3k4/P5K1/8 w - -"]
[Timezone "UTC"]
[ECO "B02"]
[ECOUrl "https://www.chess.com/openings/Alekhines-Defense-Two-Pawns-Attack-3...Nb6-4.d4"]
[UTCDate "2011.02.01"]
[UTCTime "03:02:10"]
[WhiteElo "1632"]
[BlackElo "1541"]
[TimeControl "60"]
[Termination "paleoliberal won on time"]
[StartTime "03:02:10"]
[EndDate "2011.02.01"]
[EndTime "03:04:31"]
[Link "https://www.chess.com/game/live/93504485"]

1. e4 Nf6 2. e5 Nd5 3. c4 Nb6 4. d4 Nc6 5. d5 Na5 6. Bd2 Naxc4 7. Nc3 Nxe5 8. Bb5 Nxd5 9. Nxd5 e6 10. Ne3 Bc5 11. Be2 O-O 12. Nf3 Nxf3+ 13. Bxf3 d6 14. O-O e5 15. b4 Qg5 16. bxc5 Bh3 17. Nd5 f5 18. Nxc7 e4 19. Bxg5 exf3 20. Qxf3 Bg4 21. Qf4 Rae8 22. cxd6 Re4 23. d7 Rxf4 24. f3 Rxf3 25. gxf3 Bxf3 26. Rfd1 Rd8 27. Bxd8 Bc6 28. Rac1 Bxd7 29. Rxd7 h6 30. Bh4 Kh7 31. Bg3 f4 32. Rc5 fxg3 33. hxg3 h5 34. Re5 Kg6 35. Ree7 Kg5 36. Rxg7+ Kf5 37. Rd5+ Ke4 38. Rgg5 Kf3 39. Rxh5 Ke2 40. Rh4 Kf3 41. Rdd4 Kxg3 42. Rdg4+ Kf3 43. Rf4+ Ke2 44. Kg2 Kd3 0-1

[Event "Live Chess"]
[Site "Chess.com"]
[Date "2011.02.01"]
[Round "-"]
[White "Liiiife"]
[Black "hipposcottimus"]
[Result "0-1"]
[CurrentPosition "6k1/pp4pp/6n1/1N2p3/3p2b1/4R1P1/PPK4P/3r4 w - -"]
[Timezone "UTC"]
[ECO "C20"]
[ECOUrl "https://www.chess.com/openings/Kings-Pawn-Opening-MacLeod-Attack"]
[UTCDate "2011.02.01"]
[UTCTime "02:59:54"]
[WhiteElo "1432"]
[BlackElo "1641"]
[TimeControl "60"]
[Termination "hipposcottimus won on time"]
[StartTime "02:59:54"]
[EndDate "2011.02.01"]
[EndTime "03:01:47"]
[Link "https://www.chess.com/game/live/93504009"]

1. e4 e5 2. c3 Nc6 3. Ne2 Nge7 4. d4 Ng6 5. d5 Nce7 6. Bg5 d6 7. Ng3 c6 8. Nf5 cxd5 9. Nxe7 Bxe7 10. Be3 dxe4 11. Be2 O-O 12. Qd2 f5 13. c4 f4 14. Nc3 fxe3 15. fxe3 Bh4+ 16. g3 Bg5 17. O-O-O Rf2 18. Rhf1 Qf6 19. Rde1 Rxe2 20. Rxe2 Qxf1+ 21. Nd1 Bg4 22. Re1 Qf3 23. Nc3 Bxe3 24. Qxe3 Qxe3+ 25. Rxe3 Rc8 26. Nxe4 Rxc4+ 27. Kb1 d5 28. Nd6 Rd4 29. Nb5 Rd1+ 30. Kc2 d4 0-1

[Event "Live Chess"]
[Site "Chess.com"]
[Date "2011.02.01"]
[Round "-"]
[White "hipposcottimus"]
[Black "maxdiesel"]
[Result "1-0"]
[CurrentPosition "8/8/8/2pPB2R/2k1P3/5N2/6PP/6K1 b - -"]
[Timezone "UTC"]
[ECO "A40"]
[ECOUrl "https://www.chess.com/openings/Modern-Defense-with-1-d4-2.c4-Bg7-3.e4"]
[UTCDate "2011.02.01"]
[UTCTime "02:57:06"]
[WhiteElo "1641"]
[BlackElo "1437"]
[TimeControl "60"]
[Termination "hipposcottimus won on time"]
[StartTime "02:57:06"]
[EndDate "2011.02.01"]
[EndTime "02:59:25"]
[Link "https://www.chess.com/game/live/93503352"]

1. e4 g6 2. d4 Bg7 3. c4 b6 4. Nc3 Bb7 5. f4 f6 6. Nf3 e6 7. d5 h6 8. Be2 e5 9. fxe5 fxe5 10. O-O d6 11. Re1 Nd7 12. Rf1 Ngf6 13. Ne1 a6 14. Bg4 c5 15. Ne2 Qe7 16. Ng3 Rf8 17. b3 Nxg4 18. Rxf8+ Qxf8 19. Qxg4 h5 20. Qxg6+ Qf7 21. Qh7 Ke7 22. Nf5+ Kd8 23. Bg5+ Kc7 24. Nf3 Nf8 25. Nh6 Qd7 26. Qf5 Bxh6 27. Bxh6 Nh7 28. Qxd7+ Kxd7 29. Be3 Rg8 30. Bf2 a5 31. Bg3 Bc8 32. Re1 Kc7 33. Rf1 Bg4 34. Nd2 Rg5 35. Rf7+ Kc8 36. Rxh7 h4 37. Rh8+ Kb7 38. Bxh4 Ka7 39. Rh7+ Ka6 40. Bxg5 Bc8 41. Nf3 Bb7 42. Rh6 a4 43. Rxd6 Ka5 44. bxa4 Kxa4 45. Rxb6 Ka5 46. Rxb7 Ka4 47. Rh7 Ka3 48. Rh4 Kxa2 49. Rh5 Kb3 50. Bf6 Kxc4 51. Bxe5 1-0

[Event "Live Chess"]
[Site "Chess.com"]
[Date "2011.02.01"]
[Round "-"]
[White "maxdiesel"]
[Black "hipposcottimus"]
[Result "0-1"]
[CurrentPosition "r5k1/8/1K3Bn1/3P1p2/2P2P2/8/8/q7 w - -"]
[Timezone "UTC"]
[ECO "A06"]
[ECOUrl "https://www.chess.com/openings/Reti-Opening-Reversed-Mexican-Defense"]
[UTCDate "2011.02.01"]
[UTCTime "02:54:30"]
[WhiteElo "1460"]
[BlackElo "1637"]
[TimeControl "60"]
[Termination "hipposcottimus won on time"]
[StartTime "02:54:30"]
[EndDate "2011.02.01"]
[EndTime "02:56:41"]
[Link "https://www.chess.com/game/live/93502770"]

1. Nf3 d5 2. Nc3 Bg4 3. d4 Bxf3 4. exf3 c5 5. f4 c4 6. Be3 e6 7. g3 f5 8. Qf3 Nf6 9. Bh3 Bb4 10. g4 Bxc3+ 11. bxc3 fxg4 12. Bxg4 O-O 13. h3 Ne4 14. h4 Nxc3 15. Bxe6+ Kh8 16. Bd2 Ne4 17. Be3 Qa5+ 18. Kf1 Qc3 19. Bxd5 Qxa1+ 20. Kg2 Qxa2 21. Qxe4 Nc6 22. Bxc4 Qxc4 23. Rh3 Qf7 24. Rg3 g6 25. h5 Rg8 26. hxg6 hxg6 27. f5 Qxf5 28. Qxf5 gxf5 29. Rxg8+ Rxg8+ 30. Kf3 Rf8 31. Ke2 Ne7 32. Kd3 Ng6 33. Bf4 Nh4 34. Bg5 Ng6 35. f3 b6 36. f4 a5 37. Kc4 a4 38. Kb5 Ra8 39. Kxb6 a3 40. c4 a2 41. Bf6+ Kg8 42. d5 a1=Q 0-1

[Event "Live Chess"]
[Site "Chess.com"]
[Date "2011.02.01"]
[Round "-"]
[White "hipposcottimus"]
[Black "maxdiesel"]
[Result "1-0"]
[CurrentPosition "2kr4/2qnQ3/4B3/pPp1Pp2/P2p4/1P4P1/7P/2R1B1K1 b - -"]
[Timezone "UTC"]
[ECO "B02"]
[ECOUrl "https://www.chess.com/openings/Alekhines-Defense-Brooklyn-Variation-3.d4"]
[UTCDate "2011.02.01"]
[UTCTime "02:52:01"]
[WhiteElo "1632"]
[BlackElo "1488"]
[TimeControl "60"]
[Termination "hipposcottimus won on time"]
[StartTime "02:52:01"]
[EndDate "2011.02.01"]
[EndTime "02:53:57"]
[Link "https://www.chess.com/game/live/93502194"]

1. e4 Nf6 2. e5 Ng8 3. d4 e6 4. f4 d6 5. Nf3 d5 6. c4 f5 7. Be2 c6 8. O-O b6 9. b3 c5 10. a4 a5 11. dxc5 bxc5 12. Nc3 d4 13. Nb5 Ba6 14. Bd2 Bxb5 15. cxb5 Qb6 16. Bc4 Nd7 17. Ng5 Ne7 18. Nxe6 Ng6 19. Be1 Be7 20. Rf3 h5 21. Rh3 Nxf4 22. g3 Nxe6 23. Rxh5 Nef8 24. Rxh8 O-O-O 25. Qh5 Ne6 26. Qg6 Rxh8 27. Bxe6 Qb7 28. Qxg7 Rd8 29. Qxe7 Qc7 30. Rc1 1-0

[Event "Live Chess"]
[Site "Chess.com"]
[Date "2011.02.01"]
[Round "-"]
[White "maxdiesel"]
[Black "hipposcottimus"]
[Result "1-0"]
[CurrentPosition "2r1r1k1/7R/p4R2/1n6/1P6/5P2/P4KPP/8 b - -"]
[Timezone "UTC"]
[ECO "A00"]
[ECOUrl "https://www.chess.com/openings/Van-Geet-Opening-1...c5-2.Nf3"]
[UTCDate "2011.02.01"]
[UTCTime "02:49:28"]
[WhiteElo "1525"]
[BlackElo "1626"]
[TimeControl "60"]
[Termination "maxdiesel won on time"]
[StartTime "02:49:28"]
[EndDate "2011.02.01"]
[EndTime "02:51:40"]
[Link "https://www.chess.com/game/live/93501584"]

1. Nf3 c5 2. Nc3 d5 3. d4 c4 4. e4 e5 5. Nxe5 f6 6. Nf3 Bb4 7. exd5 Bxc3+ 8. bxc3 Qxd5 9. Ba3 Nc6 10. Qe2+ Nge7 11. Qxc4 Be6 12. Qxd5 Bxd5 13. Bxe7 Nxe7 14. Nd2 O-O 15. f3 Nf5 16. Bc4 Bxc4 17. Nxc4 b5 18. Ne3 Nxe3 19. Kf2 Nxc2 20. Rab1 Na3 21. Rb3 b4 22. cxb4 Nc2 23. Rc3 Nxd4 24. Rd3 Nb5 25. Rc1 a6 26. Rd7 Rae8 27. Rb7 Ra8 28. Rd1 Rfe8 29. Rdd7 Kf8 30. Rf7+ Kg8 31. Rxg7+ Kh8 32. Rbf7 Rac8 33. Rxh7+ Kg8 34. Rfg7+ Kf8 35. Rf7+ Kg8 36. Rxf6 1-0

[Event "Live Chess"]
[Site "Chess.com"]
[Date "2011.02.01"]
[Round "-"]
[White "hipposcottimus"]
[Black "maxdiesel"]
[Result "1-0"]
[CurrentPosition "2r5/5ppk/8/p1p1p2p/4P3/q4P2/2B3PP/R4R1K b - -"]
[Timezone "UTC"]
[ECO "C41"]
[ECOUrl "https://www.chess.com/openings/Philidor-Defense-3.d4-Bg4-4.dxe5"]
[UTCDate "2011.02.01"]
[UTCTime "02:46:45"]
[WhiteElo "1637"]
[BlackElo "1433"]
[TimeControl "60"]
[Termination "hipposcottimus won on time"]
[StartTime "02:46:45"]
[EndDate "2011.02.01"]
[EndTime "02:48:52"]
[Link "https://www.chess.com/game/live/93500994"]

1. e4 e5 2. Nf3 d6 3. d4 Bg4 4. dxe5 Bxf3 5. Qxf3 dxe5 6. Bc4 Nf6 7. O-O Nc6 8. Nc3 Nd4 9. Qf5 Nxc2 10. Rb1 Nd4 11. Qh3 h6 12. Nd5 Nxd5 13. Bxd5 Qf6 14. f3 Ne2+ 15. Kh1 Nf4 16. Qg3 h5 17. Qf2 Nd3 18. Qe3 Nc5 19. Bd2 b6 20. Bxa8 Be7 21. Bc6+ Kf8 22. Bb4 Kg8 23. Bxc5 Bxc5 24. Qc3 Kh7 25. Rbd1 Rd8 26. Bd5 c6 27. Bb3 b5 28. a3 Bb6 29. Ba2 a6 30. Bb1 a5 31. Rde1 b4 32. Qc2 bxa3 33. bxa3 Rc8 34. Qb3 c5 35. Qxb6 Qxb6 36. Rc1 Qb3 37. Bc2 Qxa3 38. Ra1 1-0

[Event "Live Chess"]
[Site "Chess.com"]
[Date "2011.02.01"]
[Round "-"]
[White "maxdiesel"]
[Black "hipposcottimus"]
[Result "0-1"]
[CurrentPosition "5rk1/p5pp/8/8/8/1P4Kb/P1P2P2/8 w - -"]
[Timezone "UTC"]
[ECO "A06"]
[ECOUrl "https://www.chess.com/openings/Reti-Opening-Reversed-Mexican-Defense"]
[UTCDate "2011.02.01"]
[UTCTime "02:43:56"]
[WhiteElo "1472"]
[BlackElo "1632"]
[TimeControl "60"]
[Termination "hipposcottimus won on time"]
[StartTime "02:43:56"]
[EndDate "2011.02.01"]
[EndTime "02:46:11"]
[Link "https://www.chess.com/game/live/93500411"]

1. Nf3 d5 2. Nc3 Nc6 3. d4 e6 4. e4 Bb4 5. exd5 Qxd5 6. Bd2 Bxc3 7. Bxc3 Nge7 8. b3 Ng6 9. Bc4 Qd6 10. O-O Bd7 11. Re1 O-O 12. Bd3 f5 13. h3 Nf4 14. Qd2 Rae8 15. g3 Nxh3+ 16. Kg2 Rf6 17. Kxh3 Rh6+ 18. Kg2 f4 19. g4 e5 20. Rh1 Qg6 21. Bxg6 Rxg6 22. Rab1 Bxg4 23. dxe5 Bh5+ 24. Kf1 Bxf3 25. Rh2 Nxe5 26. Re1 Rge6 27. Bxe5 Rxe5 28. Rxe5 Rxe5 29. Qxf4 Be2+ 30. Kg2 Re8 31. Kg3 Bb5 32. Qxc7 Ba6 33. Qxb7 Rf8 34. Rh3 Bxb7 35. Kg4 Bc8+ 36. Kg3 Bxh3 0-1

[Event "Live Chess"]
[Site "Chess.com"]
[Date "2011.02.01"]
[Round "-"]
[White "hipposcottimus"]
[Black "maxdiesel"]
[Result "1-0"]
[CurrentPosition "8/4n3/8/3pr2p/1p1k4/pK1P4/3R2PP/8 b - -"]
[Timezone "UTC"]
[ECO "C40"]
[ECOUrl "https://www.chess.com/openings/Kings-Pawn-Opening-Kings-Knight-Elephant-Gambit-3.exd5"]
[UTCDate "2011.02.01"]
[UTCTime "02:41:05"]
[WhiteElo "1626"]
[BlackElo "1526"]
[TimeControl "60"]
[Termination "hipposcottimus won on time"]
[StartTime "02:41:05"]
[EndDate "2011.02.01"]
[EndTime "02:43:24"]
[Link "https://www.chess.com/game/live/93499813"]

1. e4 e5 2. Nf3 d5 3. exd5 Qxd5 4. d3 Bg4 5. Be2 Bxf3 6. Bxf3 Qb5 7. Nc3 Qb6 8. Qe2 c6 9. Qxe5+ Be7 10. Qxg7 Bf6 11. Qg3 Nd7 12. Bf4 h5 13. Be4 Bh4 14. Qf3 Qxb2 15. O-O Qxc3 16. Bc7 Qxc2 17. Rac1 Qxa2 18. Bf5 Qd5 19. Rfe1+ Ne7 20. Qxd5 cxd5 21. Bxd7+ Kxd7 22. Bf4 Rad8 23. Bg3 Bxg3 24. fxg3 Rc8 25. Rf1 Rxc1 26. Rxc1 Rf8 27. Rf1 f5 28. Rd1 Kd6 29. Kf2 Ke5 30. Kf3 Kd4 31. Rd2 b5 32. g4 b4 33. gxf5 Rxf5+ 34. Ke2 a6 35. Kd1 a5 36. Kc2 a4 37. Kb2 a3+ 38. Ka2 Re5 39. Kb3 1-0

[Event "Live Chess"]
[Site "Chess.com"]
[Date "2011.02.01"]
[Round "-"]
[White "maxdiesel"]
[Black "hipposcottimus"]
[Result "1-0"]
[CurrentPosition "2k3r1/2p4p/1B2rpq1/4p3/1Q4b1/2NP4/PPP2P2/1K2R3 b - -"]
[Timezone "UTC"]
[ECO "C23"]
[ECOUrl "https://www.chess.com/openings/Bishops-Opening-2...Nc6"]
[UTCDate "2011.02.01"]
[UTCTime "02:38:42"]
[WhiteElo "1608"]
[BlackElo "1618"]
[TimeControl "60"]
[Termination "maxdiesel won on time"]
[StartTime "02:38:42"]
[EndDate "2011.02.01"]
[EndTime "02:40:42"]
[Link "https://www.chess.com/game/live/93499331"]

1. e4 e5 2. Bc4 Nc6 3. Qf3 Nf6 4. d3 Nd4 5. Qd1 d5 6. exd5 Nxd5 7. Bxd5 Qxd5 8. Nf3 Bg4 9. h3 Nxf3+ 10. gxf3 Bxf3 11. Qd2 Bxh1 12. Nc3 Qd4 13. Qg5 Bc5 14. Be3 Qd7 15. Bxc5 f6 16. Qg1 Qxh3 17. O-O-O O-O-O 18. Qxg7 Rhg8 19. Qe7 Bf3 20. Re1 Qh6+ 21. Kb1 Bg4 22. Be3 Qg6 23. Qb4 Rde8 24. Bxa7 Re6 25. Bc5 b6 26. Bxb6 1-0

[Event "Live Chess"]
[Site "Chess.com"]
[Date "2011.02.01"]
[Round "-"]
[White "hipposcottimus"]
[Black "maxdiesel"]
[Result "0-1"]
[CurrentPosition "6k1/2r3pp/2n1N3/1p1p1P2/8/p4B2/PK3N1P/8 w - -"]
[Timezone "UTC"]
[ECO "B00"]
[ECOUrl "https://www.chess.com/openings/Kings-Pawn-Opening-St-George-Defense"]
[UTCDate "2011.02.01"]
[UTCTime "02:36:08"]
[WhiteElo "1629"]
[BlackElo "1453"]
[TimeControl "60"]
[Termination "maxdiesel won on time"]
[StartTime "02:36:08"]
[EndDate "2011.02.01"]
[EndTime "02:38:24"]
[Link "https://www.chess.com/game/live/93498674"]

1. e4 a6 2. Ne2 b6 3. d4 Bb7 4. c4 c6 5. f3 Qc7 6. e5 d5 7. Ng3 b5 8. cxd5 cxd5 9. Nd2 e6 10. Nb3 Bb4+ 11. Bd2 Bxd2+ 12. Qxd2 Nd7 13. Rc1 Bc6 14. Na5 Rc8 15. Nxc6 Qb6 16. Qc3 Ne7 17. Qa5 Qxa5+ 18. Nxa5 Rxc1+ 19. Kd2 Rb1 20. b3 O-O 21. Kc2 Ra1 22. Kb2 Rd1 23. Be2 Rxh1 24. Nxh1 Rc8 25. g4 Nc6 26. b4 Nxb4 27. Nb3 Nc6 28. Bd1 f6 29. Nf2 fxe5 30. dxe5 Ndxe5 31. f4 Nf3 32. Bxf3 a5 33. f5 a4 34. Nc5 exf5 35. gxf5 Rc7 36. Ne6 a3+ 0-1

[Event "Live Chess"]
[Site "Chess.com"]
[Date "2011.02.01"]
[Round "-"]
[White "maxdiesel"]
[Black "hipposcottimus"]
[Result "1/2-1/2"]
[CurrentPosition "8/8/8/1R6/8/4kP2/7K/8 w - -"]
[Timezone "UTC"]
[ECO "D02"]
[ECOUrl "https://www.chess.com/openings/Queens-Pawn-Opening-Zukertort-Variation"]
[UTCDate "2011.02.01"]
[UTCTime "02:33:07"]
[WhiteElo "1211"]
[BlackElo "1643"]
[TimeControl "60"]
[Termination "Game drawn by insufficient material"]
[StartTime "02:33:07"]
[EndDate "2011.02.01"]
[EndTime "02:35:23"]
[Link "https://www.chess.com/game/live/93498089"]

1. Nf3 d5 2. d4 Bg4 3. Nc3 f6 4. h3 Bxf3 5. gxf3 e5 6. Bg2 exd4 7. Qxd4 Nc6 8. Qxd5 Be7 9. Qxd8+ Rxd8 10. Bf4 Bd6 11. Bxd6 Rxd6 12. O-O Nge7 13. Rad1 O-O 14. Rfe1 Nd5 15. Nxd5 Rfd8 16. c4 Ne5 17. Ne7+ Kf7 18. Rxd6 cxd6 19. Nf5 Nxc4 20. b3 Nb6 21. Rd1 d5 22. f4 Ke6 23. Nd4+ Kd6 24. e3 g5 25. Nb5+ Kc5 26. fxg5 Kxb5 27. a4+ Kb4 28. Rd4+ Kxb3 29. Kh2 fxg5 30. h4 gxh4 31. Rxh4 Rd7 32. Rh5 Nc4 33. Bxd5 Kxa4 34. Bxc4 Kb4 35. Rh4 a6 36. Be6+ Kc5 37. Bxd7 Kd6 38. Rxh7 b5 39. Bxb5 Ke5 40. Rh6 axb5 41. Rh5+ Ke4 42. Rxb5 Kd3 43. f3 Kxe3 1/2-1/2

[Event "Live Chess"]
[Site "Chess.com"]
[Date "2011.02.01"]
[Round "-"]
[White "hipposcottimus"]
[Black "maxdiesel"]
[Result "1-0"]
[CurrentPosition "3r2k1/p4p2/2p1p1pB/1p2Pb1P/8/2P3Q1/P4PP1/3B1K2 b - -"]
[Timezone "UTC"]
[ECO "B01"]
[ECOUrl "https://www.chess.com/openings/Scandinavian-Defense-Mieses-Kotrc-Variation-3.Nc3-Qd8-4.d4"]
[UTCDate "2011.02.01"]
[UTCTime "02:30:33"]
[WhiteElo "1650"]
[BlackElo "1079"]
[TimeControl "60"]
[Termination "hipposcottimus won on time"]
[StartTime "02:30:33"]
[EndDate "2011.02.01"]
[EndTime "02:32:40"]
[Link "https://www.chess.com/game/live/93497589"]

1. e4 d5 2. exd5 Qxd5 3. Nc3 Qd8 4. d4 Bf5 5. Nf3 e6 6. Bb5+ c6 7. Ba4 Bb4 8. O-O Qa5 9. Bb3 Bxc3 10. bxc3 Qxc3 11. Bd2 Qb2 12. Rb1 Qa3 13. Re1 Qd6 14. Ne5 Nf6 15. Ba4 b5 16. Bb4 Qc7 17. Bb3 Nd5 18. Ba3 Nc3 19. Bb2 Nxb1 20. Qxb1 Nd7 21. Qd1 Nxe5 22. dxe5 O-O 23. Qf3 Rad8 24. Bc1 Rd7 25. Bg5 Re8 26. Qg3 h6 27. Bxh6 g6 28. h4 Red8 29. h5 Rd1 30. Rf1 Rxf1+ 31. Kxf1 Qd7 32. c3 Qd1+ 33. Bxd1 1-0

[Event "Live Chess"]
[Site "Chess.com"]
[Date "2011.02.01"]
[Round "-"]
[White "maxdiesel"]
[Black "hipposcottimus"]
[Result "0-1"]
[CurrentPosition "2kr3r/ppp2p1p/6p1/1P3n1b/5P2/2q5/P4QKP/1R1q2NR w - -"]
[Timezone "UTC"]
[ECO "C23"]
[ECOUrl "https://www.chess.com/openings/Bishops-Opening-2...Nc6"]
[UTCDate "2011.02.01"]
[UTCTime "02:28:18"]
[WhiteElo "1107"]
[BlackElo "1649"]
[TimeControl "60"]
[Termination "hipposcottimus won on time"]
[StartTime "02:28:18"]
[EndDate "2011.02.01"]
[EndTime "02:30:16"]
[Link "https://www.chess.com/game/live/93497097"]

1. e4 e5 2. Bc4 Nc6 3. Qh5 g6 4. Qf3 Nf6 5. g4 Nd4 6. Qd1 d5 7. exd5 Bxg4 8. f3 Bh5 9. c3 Nf5 10. b4 Nxd5 11. Bxd5 Qxd5 12. Qe2 O-O-O 13. d3 Qc6 14. Bd2 Bg7 15. Na3 e4 16. b5 Qc5 17. f4 Qxa3 18. Qf2 exd3 19. Rb1 Bxc3 20. Bxc3 Qxc3+ 21. Kf1 d2 22. Kg2 d1=Q 0-1

[Event "Live Chess"]
[Site "Chess.com"]
[Date "2011.02.01"]
[Round "-"]
[White "hipposcottimus"]
[Black "maxdiesel"]
[Result "1-0"]
[CurrentPosition "rnb1kQnr/p2q4/3P3p/8/6p1/P1N5/4B1PP/R4RK1 b kq -"]
[Timezone "UTC"]
[ECO "B00"]
[ECOUrl "https://www.chess.com/openings/Owens-Defense-2.d4-Bb7"]
[UTCDate "2011.02.01"]
[UTCTime "02:26:18"]
[WhiteElo "1648"]
[BlackElo "1145"]
[TimeControl "60"]
[Termination "hipposcottimus won by checkmate"]
[StartTime "02:26:18"]
[EndDate "2011.02.01"]
[EndTime "02:27:58"]
[Link "https://www.chess.com/game/live/93496641"]

1. e4 b6 2. d4 Bb7 3. d5 d6 4. c4 e5 5. Nc3 Bc8 6. Nge2 f5 7. f4 g6 8. fxe5 dxe5 9. Ng3 f4 10. Nge2 Bd6 11. a3 g5 12. b4 g4 13. c5 bxc5 14. bxc5 Bxc5 15. Nxf4 exf4 16. Bxf4 Bd6 17. e5 Be7 18. Be2 Bg5 19. Qd2 h6 20. O-O Bxf4 21. Qxf4 Qe7 22. d6 cxd6 23. exd6 Qd7 24. Qf8# 1-0